AoeStats
← 牛油果

Arabia

503552301Analyzed
1v1 RM · 1mo ago on Sep 1, 2026· 49m 43s· 2 players
Game mode
Random Map
Map size
Tiny (2 player)
Population
200
Speed
Normal
Resources
Standard
Victory
Conquest
Starting age
Dark Age
Ending age
Imperial Age
RankedLock teamsTeams togetherTeam positionsShared explorationLock speedFull tech treeHidden civsTurbo modeCheats
Victory
Defeat
🇨🇦 Vietnamese · Canada
1909
+13
🇭🇰 Italians · Hong Kong SAR China
1833
-13
牛油果
5:57 Loom
8:52 Feudal Age
10:11 Double-Bit Axe
10:23 Horse Collar
13:33 Horse Collar
17:19 Wheelbarrow
17:12 Fletching
20:51 Castle Age
19:10 Padded Archer Armor
20:16 Gold Mining
21:45 Bow Saw
21:30 Bodkin Arrow
21:02 Crossbowman
24:25 Ballistics
27:26 Town Watch
31:04 Imperial Age
31:49 Bracer
32:50 Chemistry
38:50 Bloodlines
39:00 Light Cavalry
42:05 Scale Barding Armor
42:43 Forging
43:19 Chain Barding Armor
46:06 Two-Man Saw
46:30 Conscription
LilyBear
6:42 Loom
8:44 Feudal Age
9:31 Double-Bit Axe
9:27 Horse Collar
17:03 Fletching
20:29 Castle Age
20:13 Gold Mining
20:39 Crossbowman
21:15 Bodkin Arrow
22:20 Wheelbarrow
22:02 Bow Saw
22:55 Padded Archer Armor
24:42 Ballistics
26:41 Elite Skirmisher
27:25 Town Watch
32:24 Leather Archer Armor
35:29 Imperial Age
34:33 Stone Mining
35:17 Thumb Ring
35:34 Imperial Skirmisher
36:45 Ring Archer Armor
37:17 Chemistry
37:15 Hand Cart
37:58 Bracer
38:57 Husbandry
39:07 Bloodlines
39:05 Scale Barding Armor
39:11 Forging
40:21 Two-Man Saw
39:45 Cavalier
40:47 Chain Barding Armor
41:08 Heavy Plow
41:45 Iron Casting
42:35 Plate Barding Armor
46:01 Paper Money
48:34 Siege Engineers
48:45 Guilds
49:23 Elite Rattan Archer
Connection lost

Rejoining the realm…

Still unreachable

The connection could not be restored.

Session expired

The server has moved on; the page needs a fresh start.